 Dungeon Crawl Stone Soup version 0.21.1-1-g345015f (webtiles) character file.

926 shakethe the Chopper (level 7, -11/63 HPs)
             Began as a Minotaur Fighter on Feb 20, 2018.
             Was an Initiate of Okawaru.
             Killed by Freeze
             ... invoked by Shenanicrawl's ghost
              (16 damage)
             ... on level 5 of the Dungeon.
             The game lasted 00:05:28 (4020 turns).

shakethe the Chopper (Minotaur Fighter)             Turns: 4020, Time: 00:05:28

Health: -11/63     AC: 10    Str: 21    XL:     7   Next: 85%
Magic:  7/7        EV:  9    Int:  7    God:    Okawaru [......]
Gold:   236        SH:  0    Dex:  9    Spells: 6/6 levels left

rFire    . . .     SeeInvis .   s - +0 battleaxe
rCold    . . .     Gourm    .   (shield currently unavailable)
rNeg     . . .     Faith    .   b - +0 scale mail
rPois    .         Spirit   .   (helmet restricted)
rElec    .         Reflect  .   m - +2 cloak
rCorr    .         Harm     .   (no gloves)
MR       .....                  (no boots)
Stlth    ..........             a - amulet of rage {+Rage, !d}
HPRegen  0.20/turn              (no ring)
MPRegen  0.10/turn              (no ring)

@: lethally poisoned (-11 -> -12), slowed, very slow
A: retaliatory headbutt, horns 2
a: Renounce Religion, Evoke Berserk Rage


You were on level 5 of the Dungeon.
You worshipped Okawaru.
Okawaru was noncommittal.
You were not hungry.

You visited 2 branches of the dungeon, and saw 6 of its levels.

You collected 236 gold pieces.

Inventory:

Hand Weapons
 s - a +0 battleaxe (weapon)
   (You found it on level 4 of the Dungeon)
Armour
 b - a +0 scale mail (worn)
 m - a +2 cloak (worn)
   (You found it on level 2 of the Dungeon)
Jewellery
 a - an amulet of rage (around neck) {+Rage, !d}
   (You found it on level 4 of the Dungeon)
Wands
 g - a wand of random effects (25)
   (You found it on level 5 of the Dungeon)
 u - a wand of enslavement (14)
   (You found it on level 5 of the Dungeon)
Scrolls
 c - a scroll of teleportation {unknown}
 e - 6 scrolls of fear {unknown}
 i - 4 scrolls of amnesia {unknown}
 j - 6 scrolls of identify {unknown}
 l - 2 scrolls of blinking {unknown}
 o - a scroll of remove curse {unknown}
 p - a scroll of random uselessness {unknown}
Potions
 d - a potion of might
 h - 2 potions of flight {unknown}
 k - a potion of heal wounds {unknown}
 n - 2 potions of magic {unknown}
 q - a potion of lignification {unknown}
 r - a potion of agility {unknown}
Books
 t - a book of Maledictions
   (You found it on level 5 of the Dungeon)
Comestibles
 f - 6 rations


   Skills:
 + Level 6.1 Fighting
 * Level 7.6 Axes
 + Level 6.2 Armour
   Level 3.6 Shields
 + Level 1.7 Invocations
 + Level 1.6 Evocations


You had 6 spell levels left.
You didn't know any spells.

Dungeon Overview and Level Annotations

Branches:
Dungeon (5/15)             Temple (1/1) D:4

Altars:
Ashenzari
Cheibriados
Dithmenos
Elyvilon
Hepliaklqana
Kikubaaqudgha
Makhleb
Nemelex Xobeh
Okawaru
Qazlal
Ru
Trog
Uskayaw
Vehumet
Wu Jian
Xom
Yredelemnul
Zin

Annotations:
D:5 Shenanicrawl's ghost, novice MfIE


Innate Abilities, Weirdness & Mutations

You reflexively headbutt those who attack you in melee.
You have a pair of horns on your head.


Message History

Reactivating autopickup.
Your Fighting skill increases to level 6!
You feel a bit more experienced.
The orc wizard gestures at you while chanting.
The puff of flame hits you!
Health restored: 63 Your scale mail prevents you from hitting the orc wizard.
You headbutt the orc wizard. You slash the orc!
You kill the orc!
Okawaru accepts your kill.
The orc wizard hits you but does no damage.
The leopard gecko bites you.
You take 1 damage, and have 62/63 hp.
You slash the leopard gecko!
You kill the leopard gecko!
Okawaru accepts your kill.
You barely miss the orc wizard.
You hit the orc wizard but do no damage.
The orc wizard casts a spell at you. The magic dart hits you!
The orc wizard looks braver for a moment.
The orc wizard barely misses you. The orc wizard casts a spell at you.
The puff of flame hits you!
You take 1 damage, and have 61/63 hp.
You hit the orc wizard but do no damage.
You miss the orc wizard. You barely miss the orc wizard.
The orc wizard hits you but does no damage.
The orc wizard casts a spell at you. The puff of flame hits you!
The orc wizard points at you and mumbles some strange words.
You resist with some effort.
The orc wizard hits you but does no damage.
You are poisoned.
You slice the orc wizard!!
You kill the orc wizard!
Okawaru accepts your kill.
You hit the orc wizard but do no damage.
You slash the orc wizard!
You feel sick. The orc wizard closely misses you.
The orc wizard points at you and mumbles some strange words.
You resist with some effort.
The orc wizard hits you but does no damage.
You take 1 damage, and have 60/63 hp.
You miss Shenanicrawl's ghost.
Your headbutt misses Shenanicrawl's ghost.
You barely miss the orc wizard. You slash the orc wizard!
You feel sick. The orc wizard closely misses you. You furiously retaliate!
You headbutt the orc wizard, but do no damage.
Shenanicrawl's ghost gestures at you while chanting.
You are frozen.
The orc wizard hits you with a dagger.
The orc wizard gestures at you while chanting.
The puff of frost hits you!
The orc wizard casts a spell.
The orc wizard seems to speed up.
Shenanicrawl's ghost casts a spell at you.
You are frozen.
You take 21 damage, and have 39/63 hp.
MASSIVE DAMAGE!!
Your scale mail prevents you from hitting Shenanicrawl's ghost.
You closely miss the orc wizard. You barely miss the orc wizard.
You feel sick. The orc wizard barely misses you.
The orc wizard points at you and mumbles some strange words.
You feel yourself slow down. Shenanicrawl's ghost hits you.
The orc wizard hits you but does no damage.
The orc wizard casts a spell at you. You resist with some effort.
You take 7 damage, and have 32/63 hp.
You completely miss Shenanicrawl's ghost.
You slash the orc wizard!
You kill the orc wizard!
Okawaru accepts your kill.
You closely miss the orc wizard.
You feel sick. The orc wizard casts a spell at you. The magic dart hits you!
The orc wizard hits you but does no damage.
Shenanicrawl's ghost completely misses you.
The orc wizard hits you but does no damage.
Shenanicrawl's ghost casts a spell at you.
You are frozen.
You take 12 damage, and have 20/63 hp.
MP restored: 7 Unknown command.
You completely miss Shenanicrawl's ghost.
You slash the orc wizard!
You kill the orc wizard!
Okawaru accepts your kill.
Shenanicrawl's ghost lets out a mournful wail.
Shenanicrawl's ghost casts a spell at you.
You are frozen.
* * * LOW HITPOINT WARNING * * *
Shenanicrawl's ghost hits you.
* * * LOW HITPOINT WARNING * * *
You take 14 damage, and have 6/63 hp.
MASSIVE DAMAGE!!
You barely miss Shenanicrawl's ghost.
You feel sick.
Shenanicrawl's ghost hits you but does no damage.
Shenanicrawl's ghost casts a spell at you.
You are frozen.
You die...

#### ..# #.# ########
#..####)#######......#
#.....W@..[.....####.#
......#)#########
##.## ..... #.#
##...## #... ..#
##.....# #.. .###
#...[... ## #.. .#
#......# #.#.. ...#
#.#...## ..... .....
#.##.## #.#.# ...
#.####


You could see Shenanicrawl's ghost.

Vanquished Creatures
  Menkaure (D:4)
  Purgy (D:4)
  A phantom (D:4)
  A sky beast (D:5)
  Blork the orc (D:4)
  A howler monkey (D:5)
  A bullfrog zombie (D:5)
  Crazy Yiuf (D:2)
  3 orc wizards (D:5)
  Jessica (D:2)
  2 iguanas
  Natasha (thrice) (D:2)
  A worker ant (D:4)
  4 adders
  An ooze (D:1)
  4 worms (D:3)
  3 dart slugs
  6 leopard geckos
  3 orcs
  3 bats
  5 giant cockroaches (D:1)
  8 hobgoblins
  A quokka (D:3)
  2 frilled lizards
  5 goblins
  5 kobolds
68 creatures vanquished.

Notes
Turn   | Place    | Note
-------+----------+-------------------------------------------
     0 | D:1      | shakethe the Minotaur Fighter began the quest for the Orb.
     0 | D:1      | Reached XP level 1. HP: 19/19 MP: 0/0
    76 | D:1      | Reached XP level 2. HP: 26/27 MP: 1/1
   135 | D:1      | Reached skill level 3 in Axes
   183 | D:1      | Reached skill level 4 in Armour
   185 | D:1      | Reached skill level 4 in Fighting
   485 | D:2      | Reached XP level 3. HP: 33/33 MP: 2/2
   650 | D:2      | Noticed Jessica
   657 | D:2      | Killed Jessica
   657 | D:2      | Reached skill level 4 in Axes
   712 | D:2      | Found a runed door.
   754 | D:2      | Reached XP level 4. HP: 40/40 MP: 3/3
   783 | D:2      | Noticed Natasha
   794 | D:2      | Killed Natasha
  1006 | D:2      | Noticed Natasha
  1013 | D:2      | Killed Natasha
  1066 | D:2      | Noticed Natasha
  1074 | D:2      | Killed Natasha
  1074 | D:2      | Reached XP level 5. HP: 47/47 MP: 4/4
  1188 | D:2      | Noticed Crazy Yiuf
  1199 | D:2      | Killed Crazy Yiuf
  1199 | D:2      | Reached skill level 5 in Axes
  2289 | D:3      | Reached skill level 5 in Armour
  2375 | D:4      | Noticed Purgy
  2387 | D:4      | Killed Purgy
  2387 | D:4      | Reached skill level 5 in Fighting
  2387 | D:4      | Reached XP level 6. HP: 32/56 MP: 5/5
  2559 | D:4      | Reached skill level 6 in Axes
  2733 | D:4      | Noticed Blork the orc
  2740 | D:4      | Killed Blork the orc
  2763 | D:4      | Found a staircase to the Ecumenical Temple.
  2793 | Temple   | Entered the Ecumenical Temple
  2959 | Temple   | Became a worshipper of Warmaster Okawaru
  3024 | D:4      | Reached XP level 7. HP: 60/62 MP: 6/6
  3037 | D:4      | Found a shadowy altar of Dithmenos.
  3068 | D:4      | Noticed Menkaure
  3081 | D:4      | HP: 14/62 [Menkaure (17)]
  3082 | D:4      | HP: 6/62 [Menkaure (9)]
  3083 | D:4      | Killed Menkaure
  3083 | D:4      | Reached skill level 7 in Axes
  3635 | D:5      | Entered Level 5 of the Dungeon
  3663 | D:5      | Reached skill level 1 in Invocations
  3681 | D:5      | Reached skill level 1 in Evocations
  3682 | D:5      | Found a sparkling altar of Nemelex Xobeh.
  3900 | D:5      | Found a shattered altar of Ashenzari.
  3916 | D:5      | Reached skill level 6 in Armour
  4005 | D:5      | Noticed Shenanicrawl's ghost (novice MfIE)
  4011 | D:5      | Reached skill level 6 in Fighting
  4019 | D:5      | HP: 9/63 [Shenanicrawl's ghost/Freeze (12)]
  4020 | D:5      | Killed from afar by Shenanicrawl's ghost

Skill      XL: |  1  2  3  4  5  6  7 |
---------------+----------------------+-----
Axes           | 3 4 5 6 7 |  7.6
Armour         | 4 5 6 |  6.2
Fighting       | 4 5 6 |  6.1
Invocations    | 1 |  1.7
Evocations     | 1 |  1.6
Shields        | |  3.6

Action                   |  1- 3 |  4- 6 |  7- 9 || total
-------------------------+-------+-------+-------++-------
Melee: War axe           |    46 |   137 |       ||   183
       Headbutt          |     9 |    20 |     7 ||    36
       Battleaxe         |       |     3 |    42 ||    45
  Eat: Chunk             |       |     7 |       ||     7
       Ration            |       |       |     1 ||     1
Armor: Scale mail        |    21 |    67 |    27 ||   115
Dodge: Dodged            |     8 |    34 |    16 ||    58
Block: Shield            |    24 |    72 |       ||    96

Vault maps used:
D:1:      noname_arrival_rooms_in_the_neighbourhood
D:2:      uniq_natasha, uniq_jessica, uniq_crazy_yiuf_cottage
D:3:      cheibrodos_sewer_entry_bend, hex_intersection
D:4:      lemuel_coloured_pillars_altar, temple_fountains, uniq_purgy,
          uniq_menkaure, uniq_blork_the_orc
D:5:      fedhas_altar_2, nemelex_xobeh_ov_fountains_minmay, ashenzari_altar_1,
          first_ration
Temple:   regret_index_temple_generic_petals

Table legend:
 A = Turns spent in this place as a percentage of turns spent in the entire game.
 B = Non-inter-level travel turns spent in this place as a percentage of non-inter-level travel turns spent in the entire game.
 C = Inter-level travel turns spent in this place as a percentage of turns spent in this place.
 D = Turns resting spent in this place as a percentage of non-inter-level travel turns spent in this place.
 E = Turns spent auto-exploring this place as a percentage of non-inter-level travel turns spent in this place.
 F = Non-inter-level travel turns spent in this place divided by the number of levels of this place that you've seen.
                   A       B       C       D       E      F
               +-------+-------+-------+-------+-------+----------------------
         Total | 100.0 | 100.0 |   3.5 |  19.8 |  65.4 | 646.8
       Dungeon |  94.9 |  94.9 |   3.4 |  20.9 |  64.7 | 736.8
        Temple |   5.1 |   5.1 |   4.8 |   0.0 |  78.7 | 197.0
               +-------+-------+-------+-------+-------+----------------------

Table legend:
 A = Kills in this place as a percentage of kills in entire the game.
 B = Kills by you in this place as a percentage of kills by you in the entire game.
 C = Kills by friends in this place as a percentage of kills by friends in the entire game.
 D = Other kills in this place as a percentage of other kills in the entire game.
 E = Experience gained in this place as a percentage of experience gained in the entire game.
 F = Experience gained in this place divided by the number of levels of this place that you have seen.
                   A       B       C       D       E      F
               +-------+-------+-------+-------+-------+----------------------
         Total | 100.0 | 100.0 |   N/A |   N/A | 100.0 | 220.5
       Dungeon | 100.0 | 100.0 |   N/A |   N/A | 100.0 | 264.6
               +-------+-------+-------+-------+-------+----------------------
